 Dungeon Crawl Stone Soup version 0.22-a0-482-g76e0a5f (webtiles) character file.

3161 stealthycow the Cleaver (level 9, 0/81 HPs)
             Began as a Hill Orc Fighter on June 17, 2018.
             Succumbed to a killer bee's poison
             ... on level 8 of the Dungeon.
             The game lasted 00:18:04 (8313 turns).

stealthycow the Cleaver (Hill Orc Fighter)          Turns: 8313, Time: 00:18:05

Health: 0/81       AC: 14    Str: 21    XL:     9   Next: 94%
Magic:  9/9        EV:  4    Int:  8    God:
Gold:   441        SH: 16    Dex: 11    Spells: 8/8 levels left

rFire    . . .     SeeInvis .   a - +1 war axe
rCold    . . .     Gourm    .   g - +0 large shield
rNeg     . . .     Faith    .   w - +0 chain mail
rPois    +         Spirit   .   x - +0 helmet
rElec    .         Reflect  .   b - +0 cloak
rCorr    +         Harm     .   (no gloves)
MR       .....                  y - +0 pair of boots
Stlth    ..........             D - amulet of regeneration
HPRegen  0.63/turn              h - ring of resist corrosion
MPRegen  0.11/turn              G - ring of poison resistance

@: lethally poisoned (0 -> -5)
A: no striking features
a: no special abilities


You were on level 8 of the Dungeon.
You were not hungry.

You visited 2 branches of the dungeon, and saw 9 of its levels.

You collected 441 gold pieces.

Inventory:

Hand Weapons
 a - a +1 war axe (weapon)
 v - a cursed +0 battleaxe
Armour
 b - a +0 cloak (worn)
 c - a +0 shield
 g - a +0 large shield (worn)
 k - a +1 buckler of positive energy
 w - a +0 chain mail (worn)
 x - a +0 helmet (worn)
 y - a +0 pair of boots (worn)
Jewellery
 h - a ring of resist corrosion (left hand)
 D - an amulet of regeneration (around neck)
 G - a ring of poison resistance (right hand)
Wands
 F - a wand of scattershot (4)
Scrolls
 i - a scroll of noise {unknown}
 j - 3 scrolls of amnesia
 l - 2 scrolls of enchant armour {unknown}
 m - 4 scrolls of teleportation
 n - 4 scrolls of remove curse
 o - a scroll of fog {unknown}
 q - 2 scrolls of fear {unknown}
 r - a scroll of enchant weapon
 A - a scroll of blinking {unknown}
 B - a scroll of immolation {unknown}
Potions
 d - 4 potions of might
 e - 3 potions of magic
 p - 2 potions of flight
 s - a potion of ambrosia {unknown}
 t - 2 potions of curing
 u - 3 potions of lignification
 z - a potion of heal wounds {unknown}
 C - a potion of resistance {unknown}
 E - a potion of brilliance {unknown}
Comestibles
 f - 8 rations


   Skills:
 + Level 8.1 Fighting
 * Level 11.3 Axes
 + Level 7.5 Armour
 + Level 7.4 Shields


You had 8 spell levels left.
You didn't know any spells.
Your spell library contained the following spells:

 Spells                   Type           Power        Failure   Level  Hunger
 Confuse                  Hex            #.......     100%        3    ####...
 Freeze                   Ice            #...         100%        1    ##.....
 Throw Icicle             Conj/Ice       #.......     100%        4    #####..
 Confusing Touch          Hex            #.....       100%        1    ##.....
 Passwall                 Tmut/Erth      #.......     100%        2    ###....
 Metabolic Englaciation   Hex/Ice        #.........   100%        5    ######.
 Alistair's Intoxication  Tmut/Pois      #.......     100%        5    ######.
 Petrify                  Tmut/Erth      #.......     100%        4    #####..
 Gell's Gravitas          Tloc           #.........   100%        3    ####...
 Yara's Violent Unravell  Hex/Tmut       #.........   100%        5    ######.


Dungeon Overview and Level Annotations

Branches:
Dungeon (8/15)             Temple (1/1) D:7
   Lair: D:8-11

Altars:
Ashenzari
Cheibriados
Dithmenos
Elyvilon
Fedhas
Gozag
Hepliaklqana
Kikubaaqudgha
Makhleb
Nemelex Xobeh
Okawaru
Qazlal
Sif Muna
Trog
Uskayaw
Vehumet
Wu Jian
Yredelemnul
The Shining One

Shops:
D:4 *


Message History

You block the killer bee's attack.
The orc shouts!
You hit the queen bee but do no damage.
The queen bee is severely wounded.
You miss the killer bee. You closely miss the killer bee.
You feel sick. You block the killer bee's attack.
The killer bee barely misses you.
The killer bee stings you but does no damage.
A killer bee comes into view.
The killer bee stings you but does no damage.
The killer bee stings you!
* * * LOW HITPOINT WARNING * * *
The killer bee stings you but does no damage.
A killer bee comes into view.
The queen bee stings you but does no damage.
You block the killer bee's attack.
You barely miss the queen bee.
The queen bee is severely wounded.
The killer bee buzzes angrily.
You hit the killer bee. You closely miss the killer bee.
You die...

## #.#.## .# #.### .#
##.## ...# .# #...##
...# .# #....# ....##
.# #....########
....y. .#
####...y....##.....#
.#
#......y###o#.yy...?
.#
#.#####y@y{o.o......
.# # #.###yy.......
.# #.. #..#.##.#. .#
#####..# # ##
###...###.
##.......##.
##.........##.
#....≈≈≈....###
####...≈≈≈≈≈...######


You could see a queen bee, 7 killer bees, an orc wizard and 2 orcs.

Vanquished Creatures
  Prince Ribbit (D:8)
  A wyvern (D:8)
  A hungry ghost (D:8)
  A phantom (D:5)
  A sky beast (D:6)
  A black bear (D:7)
  4 ogres
  An ice beast (D:8)
  A centaur (D:6)
  6 bullfrogs
  2 wyvern skeletons
  A scorpion (D:6)
  6 killer bees
  4 wights
  5 crimson imps
  4 howler monkeys
  A centaur zombie (D:5)
  A bullfrog skeleton (D:5)
  A hound (D:8)
  A centaur skeleton (D:5)
  Jessica (D:8)
  2 iguanas
  Ijyb (D:5)
  4 worker ants
  A hound zombie (D:7)
  3 hound skeletons
  A howler monkey skeleton (D:7)
  A gnoll (D:1)
  9 adders
  A shadow imp (D:5)
  2 adder skeletons (D:6)
  6 worms
  8 leopard geckos
  13 orcs
  A ball python (D:4)
  9 bats
  4 giant cockroaches
  6 goblins
  8 hobgoblins
  8 jackals
  4 quokkas
  4 frilled lizards (D:1)
  6 kobolds
  A leopard gecko zombie (D:5)
  2 quokka skeletons
  4 rats
154 creatures vanquished.

Notes
Turn   | Place    | Note
-------+----------+-------------------------------------------
     0 | D:1      | stealthycow the Hill Orc Fighter began the quest for the Orb.
     0 | D:1      | Reached XP level 1. HP: 19/19 MP: 1/1
    50 | D:1      | Reached skill level 3 in Axes
    50 | D:1      | Reached XP level 2. HP: 5/27 MP: 2/2
   596 | D:1      | Reached XP level 3. HP: 26/33 MP: 3/3
  1251 | D:2      | Found a stormy altar of Qazlal.
  1285 | D:2      | Reached skill level 4 in Axes
  1285 | D:2      | Reached XP level 4. HP: 40/40 MP: 4/4
  2437 | D:3      | Reached XP level 5. HP: 45/47 MP: 5/5
  2708 | D:4      | Reached skill level 5 in Axes
  2835 | D:4      | Noticed an ogre
  2887 | D:4      | Found Roywex's Assorted Antiques.
  2942 | D:4      | Identified the Handbook of Mutagenic Ice
  3034 | D:4      | Found a snail-covered altar of Cheibriados.
  3393 | D:4      | Killed an ogre
  3393 | D:4      | Reached XP level 6. HP: 55/55 MP: 6/6
  3540 | D:5      | Entered Level 5 of the Dungeon
  3601 | D:5      | Noticed a phantom
  3621 | D:5      | Reached skill level 5 in Fighting
  3621 | D:5      | Noticed Ijyb
  3628 | D:5      | Reached skill level 6 in Axes
  3669 | D:6      | Reached XP level 7. HP: 19/61 MP: 7/7
  3913 | D:5      | Killed Ijyb
  3966 | D:5      | Reached skill level 7 in Axes
  3966 | D:5      | Reached skill level 5 in Armour
  3966 | D:5      | Reached skill level 5 in Shields
  4089 | D:5      | Found a hide-covered altar of Uskayaw.
  4668 | D:6      | Reached XP level 8. HP: 47/70 MP: 8/8
  4686 | D:6      | Reached skill level 8 in Axes
  5609 | D:6      | Reached skill level 9 in Axes
  5980 | D:7      | Found a staircase to the Ecumenical Temple.
  5989 | Temple   | Entered the Ecumenical Temple
  6411 | D:7      | Reached XP level 9. HP: 69/78 MP: 9/9
  6869 | D:7      | Reached skill level 10 in Axes
  7081 | D:7      | Found a glowing golden altar of the Shining One.
  7354 | D:8      | Noticed Prince Ribbit
  7435 | D:8      | Killed Prince Ribbit
  7619 | D:8      | Reached skill level 11 in Axes
  7720 | D:8      | Found a sparkling altar of Nemelex Xobeh.
  7975 | D:8      | Noticed Jessica
  8041 | D:8      | Killed Jessica
  8145 | D:8      | Found a deep blue altar of Sif Muna.
  8294 | D:8      | Noticed a queen bee
  8312 | D:8      | HP: 1/81 [killer bee (9)]
  8313 | D:8      | Succumbed to a killer bee's poison

Vault maps used:
D:1:      ebering_hopf_link, corner_web_ring, corexii_hall_statues_deadend,
          st_stairs_10, minmay_misc_feat_more_columns
D:2:      first_ration, nicolae_qazlal_general_emergency
D:3:      serial_bayou_ford_a
D:4:      cheibriados_altar_1, nicolae_overflow_hidden_temple, serial_shops,
          shop, grunt_decor_mini_mirrors, kennysheep_small_spiral
D:5:      basic_altar, uniq_ijyb
D:7:      minmay_temple_entry_trees, tso_altar
D:8:      tgw_sif, special_room, david_nohive_1, nemelex_lonely_heart_becter,
          uniq_prince_ribbit1
Temple:   nicolae_temple_elliptical

Skill      XL: |  1  2  3  4  5  6  7  8  9 |
---------------+----------------------------+-----
Axes           | 3 4 5 6 7 9 11 | 11.3
Fighting       | 4 5 6 8 |  8.1
Armour         | 4 5 6 7 |  7.5
Shields        | 4 5 6 7 |  7.4

Action                   |  1- 3 |  4- 6 |  7- 9 || total
-------------------------+-------+-------+-------++-------
Melee: War axe           |    98 |   147 |   446 ||   691
       Unarmed           |       |     4 |       ||     4
  Use: Scroll            |       |       |     8 ||     8
 Stab: Confused          |       |     1 |       ||     1
  Eat: Chunk             |     1 |     6 |     3 ||    10
       Ration            |       |     1 |     6 ||     7
Armor: Scale mail        |    42 |    28 |       ||    70
       Chain mail        |       |    74 |   196 ||   270
       Skin              |       |    14 |    16 ||    30
Dodge: Dodged            |    38 |    80 |    62 ||   180
Block: Shield            |    73 |    43 |       ||   116
       Large shield      |       |    95 |   426 ||   521

Table legend:
 A = Spawn XP
 B = Non-spawn XP
 C = Spawn XP percentage of total XP
 D = Spawn monster count
 E = Non-spawn monster count
 F = Spawn count percentage of total count
 G = Total turns spent on level
                    A         B        C        D         E        F      G
               +---------+---------+-------+---------+---------+-------+---------
         Total |       0 |    4516 |   0.0 |       0 |     154 |   0.0 |  8313
               +---------+---------+-------+---------+---------+-------+---------
           D:1 |       0 |      61 |   0.0 |       0 |      28 |   0.0 |  1178
           D:2 |       0 |      40 |   0.0 |       0 |      14 |   0.0 |   488
           D:3 |       0 |      66 |   0.0 |       0 |      19 |   0.0 |   914
           D:4 |       0 |     216 |   0.0 |       0 |       5 |   0.0 |   960
           D:5 |       0 |     638 |   0.0 |       0 |      24 |   0.0 |   799
           D:6 |       0 |    1043 |   0.0 |       0 |      23 |   0.0 |  1590
           D:7 |       0 |    1145 |   0.0 |       0 |      22 |   0.0 |  1105
           D:8 |       0 |    1307 |   0.0 |       0 |      19 |   0.0 |  1148
               +---------+---------+-------+---------+---------+-------+---------
